 Dungeon Crawl Stone Soup version 0.30-a0-953-g5f1da4a474 (webtiles) character file.

Game seed: 999164155986489717

30 Newt the Shooter (level 3, -1/24 HPs)
             Began as a Kobold Hunter on Mar 28, 2023.
             Slain by a gnoll
             ... wielding a +0 spear
              (3 damage)
             ... on level 2 of the Dungeon.
             The game lasted 00:01:03 (1019 turns).

Newt the Shooter (Kobold Hunter)                    Turns: 1019, Time: 00:01:03

Health: -1/24      AC:  3    Str:  8    XL:     3   Next: 37%
Magic:  3/3        EV: 11    Int: 10    God:
Gold:   37         SH:  9    Dex: 20    Spells: 2/2 levels left

rFire   . . .      SeeInvis .    j - +0 sling
rCold   . . .      Faith    .    h - +1 kite shield {reflect}
rNeg    . . .      Spirit   .    c - +0 leather armour
rPois   .          Reflect  +    (no helmet)
rElec   .          Rampage  .    (no cloak)
rCorr   .                        (no gloves)
Will    .....                    (no boots)
Stlth   +++                      (no amulet)
HPRegen 0.24/turn                (no ring)
MPRegen 0.08/turn                (no ring)

@: flying
A: small, no large weapons, nightstalker 3
a: no special abilities


You were on level 2 of the Dungeon.
You visited 1 branch of the dungeon, and saw 2 of its levels.

You collected 82 gold pieces.
You spent 45 gold pieces at shops.

Inventory:

Hand Weapons
 a - a +0 shortbow
 j - a +0 sling (weapon)
Armour
 c - a +0 leather armour (worn)
 h - a +1 kite shield of reflection (worn)
Scrolls
 b - a scroll of immolation
 e - a scroll of poison
Potions
 g - a potion of resistance


   Skills:
 + Level 3.9 Fighting
 - Level 5.3 Ranged Weapons
 - Level 2.4 Dodging
 - Level 1.3 Stealth


You had 2 spell levels left.
You didn't know any spells.
Your spell library contained the following spells:

 Spells                   Type           Power      Damage    Failure   Level
 Inner Flame              Hex/Fire       0%         N/A       100%        3
 Cause Fear               Hex            0%         N/A       100%        4
 Discord                  Hex            0%         N/A       100%        8


Dungeon Overview and Level Annotations

Branches:
Dungeon (2/15)

Altars:

Shops:
D:1 *


Innate Abilities, Weirdness & Mutations

You are small and have problems with some larger weapons.
You are completely attuned to the shadows.


Message History

The sling bullet completely misses the gnoll.
You hear a shout!
You shoot a sling bullet. The sling bullet hits the gnoll.
The gnoll is lightly wounded.
You block the gnoll's attack.
You shoot a sling bullet.
The sling bullet barely misses the gnoll.
You hear a shout!
You block the gnoll's attack.
A gnoll comes into view. It is wielding a +0 spear.
The gnoll hits you with a +2 flail of protection!
Ouch! That really hurt!
The gnoll attacks as you move away! The gnoll closely misses you.
You shoot a sling bullet. The sling bullet hits the gnoll.
The gnoll is moderately wounded.
You block the gnoll's attack. The gnoll barely misses you.
You shoot a sling bullet.
The sling bullet hits the gnoll but does no damage.
The gnoll is moderately wounded.
The gnoll barely misses you. x2; You block the gnoll's attack.
The gnoll hits you with a +2 flail of protection!
* * * LOW HITPOINT WARNING * * *
You shoot a sling bullet.
The sling bullet hits the gnoll but does no damage.
The gnoll is moderately wounded.
You block the gnoll's attack.
The gnoll hits you from afar with a +0 spear.
* * * LOW HITPOINT WARNING * * *
Unknown command.
It was a potion of flight.
You feel very buoyant.
You fly up into the air.
You block the gnoll's attack. The gnoll closely misses you.
Okay, then.
Unknown command.
You shoot a sling bullet. The sling bullet hits the gnoll.
The gnoll is heavily wounded.
You block the gnoll's attack.
The gnoll hits you from afar with a +0 spear.
You die...

### ..## ...#
...##################
................@gg.#
..############.####.#
.## #.# #...# .# #.#
###... . #.# .#. ...
.


You could see 2 gnolls.

Vanquished Creatures
  2 ball pythons (D:1)
  2 bats (D:1)
  4 endoplasms (D:1)
  3 giant cockroaches
  2 goblins (D:1)
  3 hobgoblins (D:1)
  3 kobolds (D:1)
  2 quokkas (D:1)
  4 rats
25 creatures vanquished.

Notes
Turn   | Place    | Note
-------+----------+-------------------------------------------
     0 | D:1      | Newt the Kobold Hunter began the quest for the Orb.
     0 | D:1      | Reached XP level 1. HP: 12/12 MP: 1/1
   250 | D:1      | Reached XP level 2. HP: 18/18 MP: 2/2
   622 | D:1      | Reached XP level 3. HP: 23/23 MP: 3/3
   823 | D:1      | Found Xintatoe's Assorted Antiques.
   829 | D:1      | Bought a sling for 45 gold pieces
  1017 | D:2      | HP: 1/24 [gnoll/+0 spear (2)]
  1019 | D:2      | Slain by a gnoll

Illustrated notes

Levels and vault maps discovered:
D:1:      giann_forest_graveyard, layout_basic, serial_shops,
          nicolae_lakefront_shop, hangedman_glass_teeth,
          ebering_dispersal_statue_hall, st_stairs_14
D:2:      layout_loops_cross, minmay_misc_feat_secret_circle

Skill      XL: |  1  2 |
---------------+-------+-----
Fighting       | 3 |  3.9
Ranged Weapons | |  5.3
Dodging        | |  2.4
Stealth        | |  1.3

Action                     || total
---------------------------++-------
   Fire: Shortbow          ||    78
         Sling             ||    12
    Use: Scroll            ||     4
         Potion            ||     1
 Armour: Leather armour    ||     8
  Dodge: Dodged            ||    44
  Block: Kite shield       ||     8

Table legend: (Time is in decaauts)
 A = Elapsed time spent in this place.
 B = Non-inter-level travel time spent in this place.
 C = Inter-level travel time spent in this place.
 D = Time resting spent in this place.
 E = Time spent auto-exploring this place.
 F = Levels seen in this place.
 G = Mean time per level.
                   A        B        C        D        E       F      G
               +--------+--------+--------+--------+--------+-----+--------+
         Total |   1046 |   1018 |     28 |    176 |    667 |   2 |  523.0 |
       Dungeon |   1046 |   1018 |     28 |    176 |    667 |   2 |  523.0 |
               +--------+--------+--------+--------+--------+-----+--------+

Top non-repeatable levels by time:
     D:1: 955 daAuts
     D:2: 91 daAuts
